Sabres vs Coyotes
(R1)
Created - 25 octobre 2013 at 19:01
Goals
|
| Sabres |
0 |
0 |
4 |
4 |
| Coyotes |
0 |
2 |
0 |
2 |
|
Shots
|
| Sabres |
7 |
9 |
18 |
34 |
| Coyotes |
10 |
8 |
9 |
27 |
|
1st period
No Goal
Penalties :
Ryan Hollweg (Buf) for Holding (Minor) at 4:04, Antti Laaksonen (Pho) for Tripping (Minor) at 6:28, Sergei Samsonov (Pho) for Hooking (Minor) at 10:07, Riley Cote (Pho) for Boarding (Minor) at 12:36
2nd period
1. Coyotes , Craig Adams 1 (Antti Laaksonen, Denis Grebeshkov) at 3:03
2. Coyotes , Brenden Morrow 1 (Marian Gaborik, Denis Grebeshkov) at 5:53 (PP)
Penalties :
James Neal (Buf) for Interference (Minor) at 5:23, Marian Gaborik (Pho) for High sticking (Minor) at 6:02, Chad Larose (Pho) for Holding (Minor) at 10:19, Ryan Hollweg (Buf) for Delaying the game (Minor) at 10:22, Denis Grebeshkov (Pho) for Hooking (Minor) at 14:25, Dominic Moore (Buf) for Interference (Minor) at 17:01, Nathan Paetsch (Buf) for High sticking (Minor) at 19:47
3rd period
3. Sabres , Boyd Devereaux 1 (Kyle Calder) at 2:40
4. Sabres , Ryan Hollweg 1 (Ole-Kristian Tollefsen) at 9:23
5. Sabres , Ryan Hollweg 2 (Mats Sundin) at 10:04
6. Sabres , Dominic Moore 2 (Daniel Cleary, Ole-Kristian Tollefsen) at 19:09 (Empty Net)
Penalties :
Jiri Fischer (Pho) for High sticking (Minor) at 3:04, Denis Grebeshkov (Pho) for Hooking (Minor) at 13:18, Chad Larose (Pho) for Hooking (Minor) at 19:18, Kyle Calder (Buf) for Hooking (Minor) at 19:18
Goalie Stats
Ty Conklin (Buf), 25 saves from 27 shots - (0,926), W, 1-0-0, 60:00 minutes
Ryan Miller (Pho), 30 saves from 33 shots - (0,909), L, 1-2-0, 59:51 minutes
Players Stats for Sabres
Player Name G A P +/- PIM S H SB GA TA FO MP PP MP PK MP
------------------------------------------------------------------------------------
Boyd Devereaux 1 0 1 2 0 1 0 0 1 0 1/3 10:44 0:00 1:58
Daniel Cleary 0 1 1 2 0 2 2 1 0 0 0/0 12:37 0:23 3:35
Darcy Tucker 0 0 0 0 0 1 0 0 0 0 1/1 7:01 0:00 0:00
Dennis Wideman 0 0 0 0 0 1 0 2 1 1 0/0 23:04 8:19 2:30
Dominic Moore 1 0 1 0 2 3 2 0 0 1 8/17 14:39 0:00 2:24
James Neal 0 0 0 -1 2 6 1 0 0 0 1/2 18:44 6:52 1:35
Jason Smith 0 0 0 1 0 2 3 2 0 0 0/0 25:45 8:19 2:27
Johnny Boychuk 0 0 0 1 0 0 0 1 0 1 0/0 23:03 5:37 4:03
Kyle Calder 0 1 1 1 2 0 1 0 0 0 0/0 10:09 0:40 0:16
Ladislav Smid 0 0 0 1 0 0 2 1 1 0 0/0 11:12 0:00 0:00
Mats Sundin 0 1 1 2 0 2 3 0 1 1 12/18 19:41 6:52 2:01
Mike Fisher 0 0 0 0 0 1 1 0 0 0 5/11 15:43 6:47 1:11
Nathan Paetsch 0 0 0 1 2 0 0 1 0 0 0/0 11:13 0:00 0:00
Niclas Bergfors 0 0 0 -1 0 1 1 0 0 0 0/0 18:26 6:52 0:00
Ole-Kristian Tollefsen 0 2 2 2 0 0 0 0 1 0 0/0 25:44 5:37 4:00
Ryan Hollweg 2 0 2 2 4 9 1 0 1 0 1/2 17:25 6:40 0:00
Steve Downie 0 0 0 2 0 2 1 0 1 0 1/2 17:33 6:41 0:00
Todd White 0 0 0 0 0 3 1 0 0 0 0/0 8:04 0:00 0:00
Players Stats for Coyotes
Player Name G A P +/- PIM S H SB GA TA FO MP PP MP PK MP
------------------------------------------------------------------------------------
Antti Laaksonen 0 1 1 0 2 1 0 0 0 0 0/0 7:44 0:03 1:33
Bill Guerin 0 0 0 -2 0 0 1 0 1 0 0/0 11:55 2:46 0:00
Brenden Morrow 1 0 1 -1 0 3 2 3 0 0 0/1 23:00 3:41 7:03
Chad Larose 0 0 0 0 4 2 3 0 0 1 0/0 15:38 0:03 4:32
Craig Adams 1 0 1 0 0 1 0 0 0 0 0/0 11:45 0:03 5:07
Denis Grebeshkov 0 2 2 -1 4 1 0 0 0 1 0/0 25:19 3:52 4:08
Frans Nielsen 0 0 0 -2 0 4 3 0 0 0 6/18 18:31 2:46 7:17
Jiri Fischer 0 0 0 0 2 2 3 0 0 0 0/0 14:53 0:00 4:52
Joël Perrault 0 0 0 0 0 1 0 0 0 0 4/4 6:54 0:00 1:34
Kurt Sauer 0 0 0 -2 0 1 1 2 0 1 0/0 22:13 0:03 8:36
Lukas Krajicek 0 0 0 0 0 0 0 0 0 1 0/0 15:05 2:35 2:27
Marian Gaborik 0 1 1 -1 2 4 1 0 1 0 0/3 17:22 3:41 0:00
Maxim Lapierre 0 0 0 0 0 0 2 1 1 0 3/4 10:15 0:00 0:00
Riley Cote 0 0 0 0 2 3 1 0 0 0 0/2 11:11 0:00 0:46
Sami Lepisto 0 0 0 -2 0 0 0 0 0 0 0/0 15:00 2:35 0:00
Sergei Samsonov 0 0 0 -2 2 1 1 0 0 1 1/1 11:15 2:46 0:00
Tim Connolly 0 0 0 -1 0 2 3 0 1 0 12/23 17:21 3:41 0:00
Tom Poti 0 0 0 -1 0 1 1 3 0 2 0/0 27:57 3:55 7:49
3 Stars
1 - Ryan Hollweg (Buf)
2 - Ole-Kristian Tollefsen (Buf)
3 - Boyd Devereaux (Buf)
Power Play
Sabres - 0 on 8 Attempt(s) - 0,00%
Coyotes - 1 on 5 Attempt(s) - 20,00%
Penalty Kill
Sabres - 4 on 5 Attempt(s) - 80,00%
- Score 0 goal in Penalty Kill
Coyotes - 8 on 8 Attempt(s) - 100,00%
- Score 0 goal in Penalty Kill
Official
Referees : Banfield David and Watson Brad
Linesman : Mark Pare and Brian Mach
Game Notes
5:37 of 2nd period - Coyotes goal is going for a video replay. After video review, No Goal. The attacking player has interfered with a goalkeeper in his goal crease.
Dominic Moore has scored in a empty net!
Finance
Level 1 -- Attendance: 4283 (71,38%) -- Ticket Income 406 885 $
Level 2 -- Attendance: 3629 (72,58%) -- Ticket Income 206 853 $
Level 3 -- Attendance: 1918 (95,90%) -- Ticket Income 61 376 $
Level 4 -- Attendance: 3739 (93,48%) -- Ticket Income 67 302 $
Luxury Box -- Attendance: 661 (66,10%) -- Ticket Income 125 590 $
Game was played at the The Pack Center
Total Attendance: 14230 (79,06%)
Total Ticket Income: 868 006 $
Other Income: 130 201 $
Total Income: 998 207 $
Sabres
5 vs 5 Forward
Center Left Wing Right Wing Time % Phy DF OF
1 Mats Sundin Ryan Hollweg Steve Downie 35 2 1 2
2 Dominic Moore James Neal Niclas Bergfors 30 1 2 2
3 Boyd Devereaux Kyle Calder Daniel Cleary 20 1 3 1
4 Mike Fisher Todd White Darcy Tucker 15 1 3 1
5 vs 5 Defense
Defense Defense Time % Phy DF OF
1 Ole-Kristian Tollefsen Johnny Boychuk 35 1 3 1
2 Dennis Wideman Jason Smith 35 1 3 1
3 Ladislav Smid Nathan Paetsch 20 1 3 1
4 Ole-Kristian Tollefsen Jason Smith 10 1 1 3
PowerPlay Forward
Center Left Wing Right Wing Time % Phy DF OF
1 Mike Fisher James Neal Niclas Bergfors 50 3 1 1
2 Mats Sundin Ryan Hollweg Steve Downie 50 3 1 1
PowerPlay Defense
Defense Defense Time % Phy DF OF
1 Dennis Wideman Jason Smith 70 0 1 4
2 Ole-Kristian Tollefsen Johnny Boychuk 30 0 1 4
Penalty Kill 4 Players Forward
Center Wing Time % Phy DF OF
1 Dominic Moore Daniel Cleary 60 1 4 0
2 Mike Fisher Boyd Devereaux 40 1 4 0
Penalty Kill 4 Players Defense
Defense Defense Time % Phy DF OF
1 Ole-Kristian Tollefsen Johnny Boychuk 70 1 4 0
2 Dennis Wideman Jason Smith 30 1 4 0
Penalty Kill - 3 Players Forward
Forward Time % Phy DF OF
1 Dominic Moore 50 0 5 0
2 Boyd Devereaux 50 0 5 0
Penalty Kill - 3 Players Defense
Defense Defense Time % Phy DF OF
1 Ole-Kristian Tollefsen Johnny Boychuk 70 1 4 0
2 Dennis Wideman Jason Smith 30 1 4 0
4 vs 4 Forward
Center Wing Time % Phy DF OF
1 Dominic Moore Niclas Bergfors 60 0 2 3
2 Mike Fisher Steve Downie 40 1 3 1
4 vs 4 Defense
Defense Defense Time % Phy DF OF
1 Ole-Kristian Tollefsen Jason Smith 70 0 2 3
2 Dennis Wideman Johnny Boychuk 30 0 3 2
Last Minutes Offensive
Center Left Wing Right Wing Defense Defense
Mats Sundin James Neal Niclas Bergfors Dennis Wideman Jason Smith
Last Minutes Defensive
Center Left Wing Right Wing Defense Defense
Dominic Moore Boyd Devereaux Daniel Cleary Ole-Kristian Tollefsen Jason Smith
Goaltenders
Starting : Ty Conklin
Backup : Michal Neuvirth
Extra Forwards
Normal : Kyle Calder, Mike Fisher, Todd White - PP : Kyle Calder, Mike Fisher - PK : Mats Sundin
Extra Defensemen
Normal : Jason Smith, Ole-Kristian Tollefsen, Dennis Wideman - PP : Nathan Paetsch - PK : Ladislav Smid, Nathan Paetsch
Penalty Shots
James Neal, Niclas Bergfors, Mats Sundin, Mike Fisher, Dominic Moore
Coyotes
5 vs 5 Forward
Center Left Wing Right Wing Time % Phy DF OF
1 Tim Connolly Brenden Morrow Marian Gaborik 40 1 2 2
2 Frans Nielsen Sergei Samsonov Bill Guerin 30 1 2 2
3 Maxim Lapierre Riley Cote Chad Larose 20 1 2 2
4 Joël Perrault Antti Laaksonen Craig Adams 10 1 2 2
5 vs 5 Defense
Defense Defense Time % Phy DF OF
1 Tom Poti Denis Grebeshkov 40 1 2 2
2 Sami Lepisto Kurt Sauer 30 1 2 2
3 Lukas Krajicek Jiri Fischer 20 1 2 2
4 Tom Poti Kurt Sauer 10 1 2 2
PowerPlay Forward
Center Left Wing Right Wing Time % Phy DF OF
1 Tim Connolly Brenden Morrow Marian Gaborik 60 1 2 2
2 Frans Nielsen Sergei Samsonov Bill Guerin 40 1 2 2
PowerPlay Defense
Defense Defense Time % Phy DF OF
1 Tom Poti Denis Grebeshkov 60 1 2 2
2 Sami Lepisto Lukas Krajicek 40 1 2 2
Penalty Kill 4 Players Forward
Center Wing Time % Phy DF OF
1 Frans Nielsen Brenden Morrow 60 1 2 2
2 Chad Larose Craig Adams 40 1 2 2
Penalty Kill 4 Players Defense
Defense Defense Time % Phy DF OF
1 Tom Poti Kurt Sauer 60 1 2 2
2 Denis Grebeshkov Jiri Fischer 40 1 2 2
Penalty Kill - 3 Players Forward
Forward Time % Phy DF OF
1 Frans Nielsen 60 1 2 2
2 Chad Larose 40 1 2 2
Penalty Kill - 3 Players Defense
Defense Defense Time % Phy DF OF
1 Tom Poti Kurt Sauer 60 1 2 2
2 Denis Grebeshkov Jiri Fischer 40 1 2 2
4 vs 4 Forward
Center Wing Time % Phy DF OF
1 Tim Connolly Marian Gaborik 60 1 2 2
2 Frans Nielsen Brenden Morrow 40 1 2 2
4 vs 4 Defense
Defense Defense Time % Phy DF OF
1 Tom Poti Kurt Sauer 60 1 2 2
2 Denis Grebeshkov Jiri Fischer 40 1 2 2
Last Minutes Offensive
Center Left Wing Right Wing Defense Defense
Tim Connolly Brenden Morrow Marian Gaborik Tom Poti Denis Grebeshkov
Last Minutes Defensive
Center Left Wing Right Wing Defense Defense
Frans Nielsen Brenden Morrow Chad Larose Tom Poti Kurt Sauer
Goaltenders
Starting : Ryan Miller
Backup : Al Montoya
Extra Forwards
Normal : Bill Guerin, Sergei Samsonov, Craig Adams - PP : Bill Guerin, Sergei Samsonov - PK : Craig Adams
Extra Defensemen
Normal : Sami Lepisto, Lukas Krajicek, Denis Grebeshkov - PP : Sami Lepisto - PK : Lukas Krajicek, Denis Grebeshkov
Penalty Shots
Marian Gaborik, Sergei Samsonov, Bill Guerin, Brenden Morrow, Frans Nielsen
% Time on Ice - Sabres
Lines # - Real PCT - Wanted PCT - Time Play
Normal Forward
1 - 30% - 35% - 10:53
2 - 31% - 30% - 11:16
3 - 20% - 20% - 7:27
4 - 19% - 15% - 7:01
Normal Defense
1 - 32% - 35% - 11:38
2 - 32% - 35% - 11:50
3 - 31% - 20% - 11:12
4 - 5% - 10% - 1:57
PP Forward
1 - 51% - 50% - 7:04
2 - 49% - 50% - 6:52
PP Defense
1 - 60% - 70% - 8:19
2 - 40% - 30% - 5:37
PK Forward
1 - 84% - 60% - 5:26
2 - 16% - 40% - 1:04
PK Defense
1 - 62% - 70% - 4:03
2 - 38% - 30% - 2:27
PK3 Forward
1 - 0% - 50%
2 - 0% - 50%
PK3 Defense
1 - 0% - 70%
2 - 0% - 30%
44 Forward
1 - 84% - 60% - 2:12
2 - 16% - 40% - 0:25
44 Defense
1 - 71% - 70% - 1:52
2 - 29% - 30% - 0:45
Last Minute Offensive - 0:00
Last Minute Defensive - 0:20
Total
Forward - 60:00
Defense - 60:00
|
% Time on Ice - Coyotes
Lines # - Real PCT - Wanted PCT - Time Play
Normal Forward
1 - 34% - 40% - 12:24
2 - 24% - 30% - 8:56
3 - 28% - 20% - 10:15
4 - 14% - 10% - 5:05
Normal Defense
1 - 42% - 40% - 15:17
2 - 36% - 30% - 13:09
3 - 21% - 20% - 7:51
4 - 1% - 10% - 0:23
PP Forward
1 - 57% - 60% - 3:44
2 - 43% - 40% - 2:46
PP Defense
1 - 60% - 60% - 3:55
2 - 40% - 40% - 2:35
PK Forward
1 - 67% - 60% - 9:24
2 - 33% - 40% - 4:32
PK Defense
1 - 58% - 60% - 8:06
2 - 42% - 40% - 5:50
PK3 Forward
1 - 0% - 60%
2 - 0% - 40%
PK3 Defense
1 - 0% - 60%
2 - 0% - 40%
44 Forward
1 - 83% - 60% - 2:11
2 - 17% - 40% - 0:26
44 Defense
1 - 53% - 60% - 1:23
2 - 47% - 40% - 1:14
Last Minute Offensive - 0:17
Last Minute Defensive - 0:00
Total
Forward - 60:00
Defense - 60:00
|
Play by Play
1st period
0:01 of 1st period - Mats Sundin wins face-off versus Tim Connolly in neutral zone.
1:04 of 1st period - Snap shot by Antti Laaksonen.
1:04 of 1st period - Shot Blocked by Jason Smith.
1:52 of 1st period - Wrist shot by James Neal.
1:52 of 1st period - Stopped by Ryan Miller without a rebound.
1:53 of 1st period - Sergei Samsonov wins face-off versus James Neal in Coyotes zone.
2:00 of 1st period - Wrist shot by Frans Nielsen.
2:00 of 1st period - Shot Misses the Net.
2:02 of 1st period - Snap shot by Kurt Sauer.
2:02 of 1st period - Deflect By Bill Guerin.
2:02 of 1st period - Shot Misses the Net.
2:02 of 1st period - Puck is out of play.
2:03 of 1st period - Maxim Lapierre wins face-off versus Boyd Devereaux in Sabres zone.
2:08 of 1st period - Snap shot by Riley Cote.
2:08 of 1st period - Stopped by Ty Conklin with a rebound.
2:14 of 1st period - Sami Lepisto is hit by Daniel Cleary and loses puck.
2:33 of 1st period - Backhand shot by James Neal.
2:33 of 1st period - Stopped by Ryan Miller with a rebound.
3:37 of 1st period - Wrist shot by Niclas Bergfors.
3:37 of 1st period - Shot Blocked by Kurt Sauer.
3:44 of 1st period - Icing by Sami Lepisto.
3:45 of 1st period - Maxim Lapierre wins face-off versus Mats Sundin in Coyotes zone.
3:45 of 1st period - Maxim Lapierre is hit by Ryan Hollweg.
3:59 of 1st period - Wrist shot by Maxim Lapierre.
3:59 of 1st period - Deflect By Riley Cote.
3:59 of 1st period - Stopped by Ty Conklin with a rebound.
4:04 of 1st period - Minor Penalty to Ryan Hollweg for Holding.
4:05 of 1st period - Tim Connolly wins face-off versus Dominic Moore in Sabres zone.
6:04 of 1st period - Penalty to Ryan Hollweg is over, Ryan Hollweg is back on ice.
6:22 of 1st period - Snap shot by Darcy Tucker.
6:22 of 1st period - Shot Misses the Net.
6:25 of 1st period - Icing by Jiri Fischer.
6:26 of 1st period - Joël Perrault wins face-off versus Mike Fisher in Coyotes zone.
6:28 of 1st period - Minor Penalty to Antti Laaksonen for Tripping.
6:29 of 1st period - Mike Fisher wins face-off versus Frans Nielsen in Coyotes zone.
6:42 of 1st period - Wrist shot by James Neal.
6:42 of 1st period - Shot Blocked by Brenden Morrow.
6:44 of 1st period - Slapshot by Dennis Wideman.
6:44 of 1st period - Shot Blocked by Tom Poti.
7:02 of 1st period - Chad Larose is hit by Steve Downie and loses puck.
7:35 of 1st period - Ole-Kristian Tollefsen is hit by Jiri Fischer and loses puck.
8:28 of 1st period - Penalty to Antti Laaksonen is over, Antti Laaksonen is back on ice.
8:44 of 1st period - Snap shot by Chad Larose.
8:44 of 1st period - Stopped by Ty Conklin with a rebound.
8:52 of 1st period - Backhand shot by Antti Laaksonen.
8:52 of 1st period - Stopped by Ty Conklin with a rebound.
8:54 of 1st period - Snap shot by Craig Adams.
8:54 of 1st period - Deflect By Ole-Kristian Tollefsen.
8:54 of 1st period - Shot Blocked by Daniel Cleary.
8:54 of 1st period - Puck is out of play.
8:55 of 1st period - Darcy Tucker wins face-off versus Marian Gaborik in Sabres zone.
9:20 of 1st period - Tom Poti is hit by Ladislav Smid and loses puck.
9:25 of 1st period - Snap shot by Daniel Cleary.
9:25 of 1st period - Stopped by Ryan Miller without a rebound.
9:26 of 1st period - Tim Connolly wins face-off versus Mats Sundin in Coyotes zone.
9:31 of 1st period - Ryan Hollweg is hit by Brenden Morrow and loses puck.
9:40 of 1st period - Slapshot by Tim Connolly.
9:40 of 1st period - Shot Misses the Net.
9:56 of 1st period - Snap shot by Sergei Samsonov.
9:56 of 1st period - Deflect By Frans Nielsen.
9:56 of 1st period - Stopped by Ty Conklin with a rebound.
9:58 of 1st period - Snap shot by Frans Nielsen.
9:58 of 1st period - Shot Misses the Net.
10:00 of 1st period - Slapshot by Lukas Krajicek.
10:00 of 1st period - Shot Blocked by Jason Smith.
10:07 of 1st period - Minor Penalty to Sergei Samsonov for Hooking.
10:08 of 1st period - Mats Sundin wins face-off versus Frans Nielsen in Coyotes zone.
10:11 of 1st period - Wrist shot by Mats Sundin.
10:11 of 1st period - Shot Misses the Net.
10:13 of 1st period - Snap shot by Mats Sundin.
10:13 of 1st period - Stopped by Ryan Miller with a rebound.
11:31 of 1st period - Wrist shot by Mats Sundin.
11:31 of 1st period - Shot Misses the Net.
11:33 of 1st period - Snap shot by Steve Downie.
11:33 of 1st period - Stopped by Ryan Miller without a rebound.
11:34 of 1st period - James Neal wins face-off versus Frans Nielsen in Coyotes zone.
12:07 of 1st period - Penalty to Sergei Samsonov is over, Sergei Samsonov is back on ice.
12:15 of 1st period - Wrist shot by Antti Laaksonen.
12:15 of 1st period - Shot Blocked by Ladislav Smid.
12:17 of 1st period - Slapshot by Denis Grebeshkov.
12:17 of 1st period - Shot Misses the Net.
12:36 of 1st period - Minor Penalty to Riley Cote for Boarding.
12:37 of 1st period - Frans Nielsen wins face-off versus Mike Fisher in Coyotes zone.
12:42 of 1st period - Niclas Bergfors is hit by Kurt Sauer and loses puck.
14:36 of 1st period - Penalty to Riley Cote is over, Riley Cote is back on ice.
14:52 of 1st period - Wrist shot by Chad Larose.
14:52 of 1st period - Shot Misses the Net.
15:57 of 1st period - Niclas Bergfors is hit by Brenden Morrow and loses puck.
16:20 of 1st period - Jason Smith is hit by Chad Larose and loses puck.
16:44 of 1st period - Icing by Kurt Sauer.
16:45 of 1st period - Mats Sundin wins face-off versus Frans Nielsen in Coyotes zone.
16:46 of 1st period - Wrist shot by Ryan Hollweg.
16:46 of 1st period - Stopped by Ryan Miller without a rebound.
16:47 of 1st period - Frans Nielsen wins face-off versus Mats Sundin in Coyotes zone.
16:52 of 1st period - Snap shot by Ryan Hollweg.
16:52 of 1st period - Stopped by Ryan Miller with a rebound.
17:12 of 1st period - James Neal is hit by Marian Gaborik and loses puck.
17:17 of 1st period - Snap shot by Marian Gaborik.
17:17 of 1st period - Shot Misses the Net.
17:19 of 1st period - Slapshot by Kurt Sauer.
17:19 of 1st period - Shot Blocked by Nathan Paetsch.
17:32 of 1st period - Icing by Niclas Bergfors.
17:33 of 1st period - Dominic Moore wins face-off versus Riley Cote in Sabres zone.
17:42 of 1st period - Wrist shot by Chad Larose.
17:42 of 1st period - Stopped by Ty Conklin with a rebound.
17:58 of 1st period - Nathan Paetsch is hit by Frans Nielsen and loses puck.
18:05 of 1st period - Slapshot by Sergei Samsonov.
18:05 of 1st period - Shot Misses the Net.
18:07 of 1st period - Wrist shot by Frans Nielsen.
18:07 of 1st period - Stopped by Ty Conklin with a rebound.
18:09 of 1st period - Slapshot by Kurt Sauer.
18:09 of 1st period - Deflect By Steve Downie.
18:09 of 1st period - Stopped by Ty Conklin without a rebound.
18:10 of 1st period - Tim Connolly wins face-off versus Dominic Moore in Sabres zone.
18:15 of 1st period - Wrist shot by Marian Gaborik.
18:15 of 1st period - Stopped by Ty Conklin with a rebound.
19:17 of 1st period - Mats Sundin is hit by Tom Poti and loses puck.
19:23 of 1st period - Off-side.
19:24 of 1st period - Steve Downie wins face-off versus Tim Connolly in neutral zone.
19:35 of 1st period - Slapshot by Marian Gaborik.
19:35 of 1st period - Shot Misses the Net.
19:37 of 1st period - Slapshot by Jiri Fischer.
19:37 of 1st period - Stopped by Ty Conklin with a rebound.
19:51 of 1st period - Jason Smith is hit by Frans Nielsen and loses puck.
19:58 of 1st period - Sergei Samsonov is hit by Dominic Moore and loses puck.
2nd period
0:01 of 2nd period - Ryan Hollweg wins face-off versus Tim Connolly in neutral zone.
0:50 of 2nd period - Riley Cote is hit by Kyle Calder and loses puck.
1:49 of 2nd period - Sergei Samsonov is hit by Dominic Moore.
2:12 of 2nd period - Ladislav Smid is hit by Riley Cote and loses puck.
2:21 of 2nd period - Slapshot by Nathan Paetsch.
2:21 of 2nd period - Shot Misses the Net.
2:46 of 2nd period - Slapshot by Todd White.
2:46 of 2nd period - Stopped by Ryan Miller with a rebound.
2:48 of 2nd period - Snap shot by Todd White.
2:48 of 2nd period - Deflect By Marian Gaborik.
2:48 of 2nd period - Stopped by Ryan Miller with a rebound.
2:55 of 2nd period - Icing by Tim Connolly.
2:56 of 2nd period - Joël Perrault wins face-off versus Dominic Moore in Coyotes zone.
3:01 of 2nd period - Snap shot by Craig Adams.
3:01 of 2nd period - Shot Hit the Post.
3:03 of 2nd period - Slapshot by Craig Adams.
3:03 of 2nd period - Goal by Craig Adams - Sabres : 0 - Coyotes : 1.
3:04 of 2nd period - Tim Connolly wins face-off versus Steve Downie in neutral zone.
3:07 of 2nd period - Snap shot by Marian Gaborik.
3:07 of 2nd period - Shot Misses the Net.
3:15 of 2nd period - Slapshot by Ryan Hollweg.
3:15 of 2nd period - Stopped by Ryan Miller without a rebound.
3:16 of 2nd period - Tim Connolly wins face-off versus Ryan Hollweg in Coyotes zone.
3:23 of 2nd period - Wrist shot by Marian Gaborik.
3:23 of 2nd period - Shot Misses the Net.
4:03 of 2nd period - Off-side.
4:04 of 2nd period - Boyd Devereaux wins face-off versus Maxim Lapierre in neutral zone.
4:23 of 2nd period - Boyd Devereaux is hit by Chad Larose and loses puck.
4:48 of 2nd period - Wrist shot by Chad Larose.
4:48 of 2nd period - Deflect By Riley Cote.
4:48 of 2nd period - Stopped by Ty Conklin with a rebound.
4:56 of 2nd period - Snap shot by Kyle Calder.
4:56 of 2nd period - Shot Blocked by Tom Poti.
4:58 of 2nd period - Wrist shot by Boyd Devereaux.
4:58 of 2nd period - Shot Misses the Net.
5:00 of 2nd period - Wrist shot by Daniel Cleary.
5:00 of 2nd period - Stopped by Ryan Miller without a rebound.
5:01 of 2nd period - Mats Sundin wins face-off versus Tim Connolly in Coyotes zone.
5:02 of 2nd period - Wrist shot by Ryan Hollweg.
5:02 of 2nd period - Deflect By Mats Sundin.
5:02 of 2nd period - Stopped by Ryan Miller with a rebound.
5:23 of 2nd period - Minor Penalty to James Neal for Interference.
5:24 of 2nd period - Tim Connolly wins face-off versus Dominic Moore in Sabres zone.
5:25 of 2nd period - Wrist shot by Marian Gaborik.
5:25 of 2nd period - Shot Blocked by Johnny Boychuk.
5:27 of 2nd period - Snap shot by Marian Gaborik.
5:27 of 2nd period - Stopped by Ty Conklin with a rebound.
5:29 of 2nd period - Slapshot by Denis Grebeshkov.
5:29 of 2nd period - Stopped by Ty Conklin with a rebound.
5:31 of 2nd period - Snap shot by Brenden Morrow.
5:31 of 2nd period - Shot Misses the Net.
5:33 of 2nd period - Snap shot by Denis Grebeshkov.
5:33 of 2nd period - Shot Misses the Net.
5:35 of 2nd period - Snap shot by Tim Connolly.
5:35 of 2nd period - Deflect By Brenden Morrow.
5:35 of 2nd period - Stopped by Ty Conklin with a rebound.
5:37 of 2nd period - Slapshot by Brenden Morrow.
5:37 of 2nd period - Deflect By Marian Gaborik.
5:37 of 2nd period - Coyotes goal is going for a video replay.
5:37 of 2nd period - The goal is refused. The attacking player has interfered with a goalkeeper in his goal crease..
5:38 of 2nd period - Dominic Moore wins face-off versus Tim Connolly in Sabres zone.
5:53 of 2nd period - Wrist shot by Marian Gaborik.
5:53 of 2nd period - Deflect By Brenden Morrow.
5:53 of 2nd period - Goal by Brenden Morrow - Sabres : 0 - Coyotes : 2.
5:54 of 2nd period - Tim Connolly wins face-off versus Mats Sundin in neutral zone.
6:02 of 2nd period - Minor Penalty to Marian Gaborik for High sticking.
6:03 of 2nd period - Mike Fisher wins face-off versus Frans Nielsen in Coyotes zone.
6:38 of 2nd period - Snap shot by Ryan Hollweg.
6:38 of 2nd period - Stopped by Ryan Miller with a rebound.
7:20 of 2nd period - Ryan Hollweg is hit by Jiri Fischer and loses puck.
8:02 of 2nd period - Penalty to Marian Gaborik is over, Marian Gaborik is back on ice.
9:55 of 2nd period - Ladislav Smid is hit by Tim Connolly and loses puck.
10:19 of 2nd period - Minor Penalty to Chad Larose for Holding.
10:20 of 2nd period - Mats Sundin wins face-off versus Brenden Morrow in Coyotes zone.
10:22 of 2nd period - Minor Penalty to Ryan Hollweg for Delaying the game.
10:23 of 2nd period - Tim Connolly wins face-off versus Dominic Moore in Sabres zone.
10:24 of 2nd period - Snap shot by Marian Gaborik.
10:24 of 2nd period - Shot Misses the Net.
12:06 of 2nd period - Tom Poti is hit by Jason Smith and loses puck.
12:19 of 2nd period - Penalty to Chad Larose is over, Chad Larose is back on ice.
12:22 of 2nd period - Penalty to Ryan Hollweg is over, Ryan Hollweg is back on ice.
12:32 of 2nd period - Snap shot by Daniel Cleary.
12:32 of 2nd period - Shot Blocked by Maxim Lapierre.
12:34 of 2nd period - Slapshot by Dennis Wideman.
12:34 of 2nd period - Shot Blocked by Kurt Sauer.
12:36 of 2nd period - Snap shot by Ryan Hollweg.
12:36 of 2nd period - Shot Misses the Net.
12:38 of 2nd period - Wrist shot by Ryan Hollweg.
12:38 of 2nd period - Stopped by Ryan Miller without a rebound.
12:39 of 2nd period - Mats Sundin wins face-off versus Frans Nielsen in Coyotes zone.
12:54 of 2nd period - Wrist shot by Frans Nielsen.
12:54 of 2nd period - Stopped by Ty Conklin with a rebound.
13:04 of 2nd period - Lukas Krajicek is hit by Ladislav Smid and loses puck.
13:29 of 2nd period - Wrist shot by Chad Larose.
13:29 of 2nd period - Shot Misses the Net.
13:59 of 2nd period - Slapshot by Frans Nielsen.
13:59 of 2nd period - Deflect By Steve Downie.
13:59 of 2nd period - Shot Misses the Net.
13:59 of 2nd period - Puck is out of play.
14:00 of 2nd period - Dominic Moore wins face-off versus Tim Connolly in Sabres zone.
14:05 of 2nd period - Snap shot by James Neal.
14:05 of 2nd period - Shot Blocked by Brenden Morrow.
14:07 of 2nd period - Wrist shot by Niclas Bergfors.
14:07 of 2nd period - Shot Blocked by Brenden Morrow.
14:09 of 2nd period - Wrist shot by Dominic Moore.
14:09 of 2nd period - Stopped by Ryan Miller without a rebound.
14:10 of 2nd period - Tim Connolly wins face-off versus Dominic Moore in Coyotes zone.
14:10 of 2nd period - Tim Connolly is hit by James Neal.
14:24 of 2nd period - Snap shot by Niclas Bergfors.
14:24 of 2nd period - Stopped by Ryan Miller without a rebound.
14:25 of 2nd period - Mats Sundin wins face-off versus Frans Nielsen in Coyotes zone.
14:25 of 2nd period - Minor Penalty to Denis Grebeshkov for Hooking.
14:26 of 2nd period - Frans Nielsen wins face-off versus Mike Fisher in Coyotes zone.
14:26 of 2nd period - Frans Nielsen is hit by Jason Smith.
16:25 of 2nd period - Penalty to Denis Grebeshkov is over, Denis Grebeshkov is back on ice.
16:38 of 2nd period - Tom Poti is hit by Daniel Cleary and loses puck.
17:01 of 2nd period - Minor Penalty to Dominic Moore for Interference.
17:02 of 2nd period - Mats Sundin wins face-off versus Frans Nielsen in Sabres zone.
17:17 of 2nd period - Snap shot by Sergei Samsonov.
17:17 of 2nd period - Shot Hit the Post.
18:23 of 2nd period - Dennis Wideman is hit by Bill Guerin and loses puck.
19:01 of 2nd period - Penalty to Dominic Moore is over, Dominic Moore is back on ice.
19:18 of 2nd period - Ladislav Smid is hit by Maxim Lapierre and loses puck.
19:47 of 2nd period - Minor Penalty to Nathan Paetsch for High sticking.
19:48 of 2nd period - Dominic Moore wins face-off versus Tim Connolly in Sabres zone.
3rd period
0:01 of 3rd period - Tim Connolly wins face-off versus Dominic Moore in neutral zone.
0:26 of 3rd period - Johnny Boychuk is hit by Frans Nielsen.
0:36 of 3rd period - Snap shot by Sergei Samsonov.
0:36 of 3rd period - Stopped by Ty Conklin with a rebound.
1:20 of 3rd period - Marian Gaborik is hit by Mats Sundin and loses puck.
1:47 of 3rd period - Penalty to Nathan Paetsch is over, Nathan Paetsch is back on ice.
2:12 of 3rd period - Snap shot by Denis Grebeshkov.
2:12 of 3rd period - Deflect By Joël Perrault.
2:12 of 3rd period - Stopped by Ty Conklin without a rebound.
2:13 of 3rd period - Joël Perrault wins face-off versus Dominic Moore in Sabres zone.
2:23 of 3rd period - Kurt Sauer is hit by Jason Smith and loses puck.
2:40 of 3rd period - Wrist shot by Boyd Devereaux.
2:40 of 3rd period - Goal by Boyd Devereaux - Sabres : 1 - Coyotes : 2.
2:41 of 3rd period - Mats Sundin wins face-off versus Marian Gaborik in neutral zone.
2:44 of 3rd period - Brenden Morrow is hit by Mats Sundin and loses puck.
3:04 of 3rd period - Minor Penalty to Jiri Fischer for High sticking.
3:05 of 3rd period - Frans Nielsen wins face-off versus Mike Fisher in Coyotes zone.
4:22 of 3rd period - Chad Larose is hit by Mats Sundin and loses puck.
5:04 of 3rd period - Penalty to Jiri Fischer is over, Jiri Fischer is back on ice.
5:32 of 3rd period - Slapshot by Marian Gaborik.
5:32 of 3rd period - Stopped by Ty Conklin with a rebound.
6:14 of 3rd period - Boyd Devereaux is hit by Jiri Fischer and loses puck.
6:27 of 3rd period - Wrist shot by Jiri Fischer.
6:27 of 3rd period - Stopped by Ty Conklin with a rebound.
6:29 of 3rd period - Slapshot by Jiri Fischer.
6:29 of 3rd period - Shot Blocked by Dennis Wideman.
6:31 of 3rd period - Snap shot by Marian Gaborik.
6:31 of 3rd period - Shot Blocked by Dennis Wideman.
7:56 of 3rd period - Icing by Mike Fisher.
7:57 of 3rd period - Joël Perrault wins face-off versus Mike Fisher in Sabres zone.
8:04 of 3rd period - Sergei Samsonov is hit by Mike Fisher and loses puck.
8:11 of 3rd period - Dennis Wideman is hit by Sergei Samsonov and loses puck.
8:22 of 3rd period - Slapshot by Jason Smith.
8:22 of 3rd period - Stopped by Ryan Miller with a rebound.
8:35 of 3rd period - Mats Sundin is hit by Chad Larose and loses puck.
8:50 of 3rd period - Wrist shot by Dominic Moore.
8:50 of 3rd period - Stopped by Ryan Miller without a rebound.
8:51 of 3rd period - Dominic Moore wins face-off versus Marian Gaborik in Coyotes zone.
8:54 of 3rd period - Snap shot by James Neal.
8:54 of 3rd period - Stopped by Ryan Miller with a rebound.
9:23 of 3rd period - Snap shot by Ryan Hollweg.
9:23 of 3rd period - Goal by Ryan Hollweg - Sabres : 2 - Coyotes : 2.
9:24 of 3rd period - Mats Sundin wins face-off versus Tim Connolly in neutral zone.
9:27 of 3rd period - Wrist shot by Ryan Hollweg.
9:27 of 3rd period - Shot Blocked by Tom Poti.
9:35 of 3rd period - Snap shot by Brenden Morrow.
9:35 of 3rd period - Shot Misses the Net.
9:37 of 3rd period - Wrist shot by Tim Connolly.
9:37 of 3rd period - Stopped by Ty Conklin without a rebound.
9:38 of 3rd period - Dominic Moore wins face-off versus Tim Connolly in Sabres zone.
9:38 of 3rd period - Dominic Moore is hit by Tim Connolly.
10:04 of 3rd period - Snap shot by Ryan Hollweg.
10:04 of 3rd period - Goal by Ryan Hollweg - Sabres : 3 - Coyotes : 2.
10:05 of 3rd period - Tim Connolly wins face-off versus Mats Sundin in neutral zone.
10:20 of 3rd period - Slapshot by Brenden Morrow.
10:20 of 3rd period - Stopped by Ty Conklin with a rebound.
10:30 of 3rd period - Denis Grebeshkov is hit by Niclas Bergfors and loses puck.
10:37 of 3rd period - Wrist shot by Frans Nielsen.
10:37 of 3rd period - Stopped by Ty Conklin with a rebound.
11:17 of 3rd period - Icing by Darcy Tucker.
11:18 of 3rd period - Mike Fisher wins face-off versus Tim Connolly in Sabres zone.
11:25 of 3rd period - Backhand shot by Mike Fisher.
11:25 of 3rd period - Shot Misses the Net.
11:27 of 3rd period - Wrist shot by Darcy Tucker.
11:27 of 3rd period - Shot Misses the Net.
11:34 of 3rd period - Slapshot by Dennis Wideman.
11:34 of 3rd period - Shot Misses the Net.
11:42 of 3rd period - Wrist shot by Darcy Tucker.
11:42 of 3rd period - Stopped by Ryan Miller with a rebound.
11:44 of 3rd period - Slapshot by Todd White.
11:44 of 3rd period - Shot Misses the Net.
11:48 of 3rd period - Slapshot by Mike Fisher.
11:48 of 3rd period - Stopped by Ryan Miller with a rebound.
11:50 of 3rd period - Backhand shot by Dennis Wideman.
11:50 of 3rd period - Stopped by Ryan Miller with a rebound.
12:02 of 3rd period - Snap shot by Todd White.
12:02 of 3rd period - Shot Misses the Net.
12:08 of 3rd period - Wrist shot by Todd White.
12:08 of 3rd period - Stopped by Ryan Miller without a rebound.
12:09 of 3rd period - Mats Sundin wins face-off versus Frans Nielsen in Coyotes zone.
12:12 of 3rd period - Wrist shot by Ryan Hollweg.
12:12 of 3rd period - Stopped by Ryan Miller without a rebound.
12:13 of 3rd period - Mats Sundin wins face-off versus Frans Nielsen in Coyotes zone.
12:42 of 3rd period - Snap shot by James Neal.
12:42 of 3rd period - Stopped by Ryan Miller without a rebound.
12:43 of 3rd period - Dominic Moore wins face-off versus Riley Cote in Coyotes zone.
13:18 of 3rd period - Minor Penalty to Denis Grebeshkov for Hooking.
13:19 of 3rd period - Mike Fisher wins face-off versus Frans Nielsen in Coyotes zone.
13:20 of 3rd period - Snap shot by James Neal.
13:20 of 3rd period - Stopped by Ryan Miller without a rebound.
13:21 of 3rd period - Frans Nielsen wins face-off versus Mike Fisher in Coyotes zone.
13:26 of 3rd period - Wrist shot by James Neal.
13:26 of 3rd period - Stopped by Ryan Miller without a rebound.
13:27 of 3rd period - Mike Fisher wins face-off versus Frans Nielsen in Coyotes zone.
13:56 of 3rd period - Snap shot by Steve Downie.
13:56 of 3rd period - Stopped by Ryan Miller with a rebound.
14:00 of 3rd period - Wrist shot by Ryan Hollweg.
14:00 of 3rd period - Stopped by Ryan Miller with a rebound.
14:02 of 3rd period - Slapshot by Jason Smith.
14:02 of 3rd period - Stopped by Ryan Miller without a rebound.
14:03 of 3rd period - Frans Nielsen wins face-off versus Mats Sundin in Coyotes zone.
15:18 of 3rd period - Penalty to Denis Grebeshkov is over, Denis Grebeshkov is back on ice.
16:37 of 3rd period - Riley Cote is hit by Todd White and loses puck.
17:48 of 3rd period - Mike Fisher is hit by Maxim Lapierre and loses puck.
19:00 of 3rd period - Coyotes, Ryan Miller is pulled from the net.
19:00 of 3rd period - Snap shot by Tom Poti.
19:00 of 3rd period - Stopped by Ty Conklin without a rebound.
19:01 of 3rd period - Claude Julien call a timeout for Coyotes.
19:01 of 3rd period - Dominic Moore wins face-off versus Tim Connolly in Sabres zone.
19:01 of 3rd period - Dominic Moore is hit by Tim Connolly.
19:09 of 3rd period - Wrist shot by Dominic Moore.
19:09 of 3rd period - Goal by Dominic Moore - Sabres : 4 - Coyotes : 2.
19:09 of 3rd period - Ryan Miller from Coyotes was sent back in the game.
19:10 of 3rd period - Maxim Lapierre wins face-off versus Boyd Devereaux in neutral zone.
19:15 of 3rd period - Slapshot by Chad Larose.
19:15 of 3rd period - Shot Misses the Net.
19:18 of 3rd period - Minor Penalty to Chad Larose for Hooking.
19:18 of 3rd period - Minor Penalty to Kyle Calder for Hooking.
19:19 of 3rd period - Tim Connolly wins face-off versus Dominic Moore in Sabres zone.
19:28 of 3rd period - Wrist shot by Tim Connolly.
19:28 of 3rd period - Deflect By Ole-Kristian Tollefsen.
19:28 of 3rd period - Stopped by Ty Conklin with a rebound.
Output by the SimonT Hockey Simulator (STHS) for François Prévost -- Original Page W3C XHTML 1.0 Valid